Cogmind - Beta 13 @@@ ROGUE MODE // 2024.05.02 @ 16:25:33 Player: ElectroBlueGuy Result: Destroyed by S-10 Pest with Light Assault Rifle Performance ------------- Evolutions (0) 0 Regions Visited (1) 200 Robots Destroyed (6) 30 Value Destroyed (193) 193 Prototype IDs (2) 40 Alien Tech Used (0) 0 Bonus (0) 0 TOTAL SCORE: 463 Bonus ------- None Cogmind --------- Core Integrity 0/250 Matter 300/300 Energy 13/100 System Corruption 3% Temperature Cool (0) Movement Core (50) Location -10/Materials Parts ------- > --- POWER (1) -------- (None) > --- PROPULSION (2) --- (None) > --- UTILITY (2) ------ Terrain Scan Processor Trap Extractor (0/4) > --- WEAPON (2) ------- (None) > --- INVENTORY (5) ---- Aluminum Leg Disposable Heat Sink Peak State ------------ > --- POWER ------------ Light Ion Engine > --- PROPULSION ------- Aluminum Leg Aluminum Leg > --- UTILITY ---------- Terrain Scan Processor Trap Extractor > --- WEAPON ----------- Medium Laser Assault Rifle > --- INVENTORY -------- Disposable Heat Sink [Rating: 9] Favorites ----------- Power Light Ion Engine Engine Light Ion Engine Propulsion Aluminum Leg Leg Aluminum Leg Wheel Compact Wheel Utility Terrain Scan Processor Device Trap Extractor Processor Terrain Scan Processor Weapon Assault Rifle Energy Gun Medium Laser Ballistic Gun Assault Rifle Special Weapon Mining Laser Build | -11 -10 ------- Run | Yrd Mat Slots Evolved . | . . Power . | . . Propulsion . | . . Utility . | . . Weapon . | . . Parts Attached 12 | 5 7 Power 1 | 1 . Engine 1 | 1 . Core . | . . Reactor . | . . Propulsion 4 | 2 2 Treads . | . . Leg 2 | 2 . Wheel 2 | . 2 Hover . | . . Flight . | . . Utility 3 | . 3 Device 2 | . 2 Storage . | . . Processor 1 | . 1 Hackware . | . . Protection . | . . Artifact . | . . Weapon 4 | 2 2 Energy Gun 1 | 1 . Energy Cannon . | . . Ballistic Gun 1 | 1 . Ballistic Cannon . | . . Launcher . | . . Special Weapon 2 | . 2 Impact Weapon . | . . Slashing Weapon . | . . Piercing Weapon . | . . Special Melee Weapon . | . . Unidentified Prototypes . | . . Parts Lost 8 | . 8 Power 1 | . 1 Propulsion 3 | . 3 Utility . | . . Weapon 4 | . 4 Highest Loss Streak 6 | . 6 To Critical Strikes . | . . Average Slot Usage (%) 88 | . 88 Engine 11 | . 11 Leg 19 | . 19 Wheel 6 | . 6 Device 12 | . 12 Processor 12 | . 12 Energy Gun 10 | . 10 Ballistic Gun 12 | . 12 Special Weapon 1 | . 1 Naked Turns . | . . Heaviest Build 9 | 7 9 Greatest Support 26 | 20 26 Greatest Overweight (x) . | . . Average Overweight (x) . | . . Largest Inventory Capacity 5 | 5 5 Average Capacity 5 | 5 5 Most Carried 3 | 2 3 Average Carried 1 | . 1 Final Capacity 5 | 5 5 Final Carried 2 | . 2 Class Distribution -------------------- 100% | Mutant Dominant Class ---------------- Mutant | -10/Materials Resources | -11 -10 ----------- Run | Yrd Mat Matter Collected 413 | 259 154 Remotely . | . . Salvage Created 215 | 40 175 Parts 7 | 2 5 Haulers Intercepted . | . . Recyclers Shooed . | . . Parts Field Recycled . | . . Retrieved Matter . | . . Parts Self-Destructed . | . . Prevented . | . . Kills | -11 -10 ------- Run | Yrd Mat Combat Hostiles Destroyed 6 | 1 5 Guns 6 | 1 5 Classes Destroyed 2 | 1 1 Swarmer 1 | . 1 Grunt 5 | 1 4 Best Kill Streak 2 | 1 2 Combat Bots Only 2 | 1 2 Max Kills in Single Turn 1 | 1 1 Gunslinging . | . . Exploded . | . . Melee . | . . Uniques/NPCs Destroyed . | . . Combat | -11 -10 -------- Run | Yrd Mat Hostile Shots Fired 114 | 4 110 Missed 32 | 2 30 Damage Taken 788 | 22 766 Core 252 | . 252 Absorbed by Shields . | . . Core Remaining (%) 100 | 100 . Volleys Fired 39 | 3 36 Largest 2 | 2 2 Hottest 120 | 70 120 Shots Fired 68 | 6 62 Gun 66 | 6 60 Cannon . | . . Launcher . | . . Special 2 | . 2 Kinetic 39 | 3 36 Thermal 29 | 3 26 Explosive . | . . Electromagnetic . | . . Robot Hit Streak 13 | 3 13 Robot Miss Streak 4 | 2 4 Penetration Max . | . . Secondary Targets . | . . Shots Hit Robots 41 | 3 38 Core Hits 14 | 2 12 Critical Kills . | . . Critical Parts Destroyed . | . . Critical Strikes 2 | . 2 Burn 2 | . 2 Melee Attacks . | . . Impact . | . . Slashing . | . . Piercing . | . . Sneak Attacks . | . . Combat Hostiles . | . . Follow-up Attacks . | . . Damage Inflicted 543 | 39 504 Guns 543 | 39 504 Cannons . | . . Explosions . | . . Melee . | . . Ramming . | . . Kinetic 292 | 14 278 Thermal 251 | 25 226 Explosive . | . . Electromagnetic . | . . Impact . | . . Slashing . | . . Piercing . | . . Highest Corruption 3 | . 3 Average Corruption 2 | . 2 Corruption Purged . | . . Corruption Blocked . | . . Effects 3 | . 3 Message Errors 1 | . 1 Matter Fused 2 | . 2 Overload Shots . | . . Overflow Damage . | . . Projectiles . | . . Explosions . | . . Melee . | . . Knockbacks . | . . Impact . | . . Kinetic . | . . Secondary . | . . Self-Inflicted Damage . | . . Shots . | . . Rammed . | . . Targets Rammed 1 | . 1 Kicked 1 | . 1 Crushed . | . . Highest Temperature 210 | 39 210 Average Temperature 69 | 21 74 Received Heat Transfer 234 | 12 222 Siege Activations . | . . Robots Corrupted . | . . Combat Hostiles . | . . Parts Fried . | . . Impact Corruptions . | . . Robots Melted . | . . Combat Hostiles . | . . Parts Melted 2 | . 2 Heat Transferred 888 | 74 814 Parts Sabotaged . | . . Parts Stolen . | . . Parts Stripped . | . . Power Chain Reactions . | . . Alert | -11 -10 ------- Run | Yrd Mat Peak Influence 95 | 20 95 Initial 13 | . 13 Average 45 | 2 55 Maximum Alert Level . | . . Low Security (%) 100 | 100 100 Level 1 . | . . Level 2 . | . . Level 3 . | . . Level 4 . | . . Level 5 . | . . High Security . | . . Max Security . | . . Squads Dispatched . | . . Investigation . | . . Extermination . | . . Reinforcement . | . . Assault . | . . Garrison . | . . Intercept . | . . Searches Triggered . | . . Construction Impeded . | . . Haulers Reinforced . | . . Active Scanning Responses . | . . Cargo Convoy Interrupts . | . . Stealth | -11 -10 --------- Run | Yrd Mat Distress Signals 1 | . 1 Communications Jammed . | . . Distress Signals . | . . Times Spotted 12 | 1 11 Peak Tracking Total 4 | 1 4 Tactical Retreats . | . . Traps | -11 -10 ------- Run | Yrd Mat Traps Triggered 2 | . 2 Indirectly . | . . Trap Hack Attempts . | . . Triggered . | . . Disarmed . | . . Reprogrammed . | . . Reused . | . . Traps Extracted . | . . Installed . | . . Triggered . | . . Machines | -11 -10 ---------- Run | Yrd Mat Machines Disabled 2 | . 2 Max in Single Turn 1 | . 1 Machines Repaired . | . . Machines Dismantled . | . . Machines Sabotaged . | . . Overloaded Fab Kills . | . . Hacking | -11 -10 --------- Run | Yrd Mat Machines Accessed 1 | . 1 Terminals 1 | . 1 Fabricators . | . . Repair Stations . | . . Recycling Units . | . . Scanalyzers . | . . Garrison Access . | . . Total Hacks 7 | . 7 Successful 3 | . 3 Failed 4 | . 4 Catastrophic . | . . Database Lockouts . | . . Manual . | . . Terminals 7 | . 7 Fabricators . | . . Repair Stations . | . . Recycling Units . | . . Scanalyzers . | . . Garrison Access . | . . Terminal Hacks 3 | . 3 Prototype ID Bank 1 | . 1 Registered Components 1 | . 1 Zone Layout 1 | . 1 Fabricator Hacks . | . . Repair Station Hacks . | . . Recycling Unit Hacks . | . . Scanalyzer . | . . Garrison Access Hacks . | . . Unauthorized Hacks . | . . Terminals . | . . Fabricators . | . . Repair Stations . | . . Recycling Units . | . . Scanalyzers . | . . Garrison Access . | . . Data Cores Recovered . | . . Used . | . . Hacking Detections 1 | . 1 Full Trace Events . | . . Feedback Events . | . . Feedback Blocked . | . . Robot Schematics Acquired . | . . Robots Built . | . . Authchips . | . . Time . | . . Total Robot Build Rating . | . . Part Schematics Acquired . | . . Parts Built . | . . Authchips . | . . Time . | . . Total Part Build Rating . | . . Parts Repaired . | . . Time . | . . Parts Recycled . | . . Recycled Matter . | . . Retrieved Matter . | . . Retrieved Components . | . . Parts Scanalyzed . | . . Part Schematics Acquired . | . . Parts Damaged . | . . Bothacking | -11 -10 ------------ Run | Yrd Mat Used RIF Installer . | . . Robots Hacked . | . . Non-combat . | . . Combat . | . . Robot Hacks Applied . | . . Relay Couplers Released . | . . Fabnet Peak Effective % . | . . Robots Rewired . | . . Allies Hacked . | . . Hacks Repelled . | . . Allies | -11 -10 -------- Run | Yrd Mat Total Allies . | . . Largest Group . | . . Highest-Rated Group . | . . Highest-Rated Ally . | . . Total Orders . | . . Ally Attacks . | . . Total Damage . | . . Kills . | . . Allies Corrupted . | . . Allies Melted . | . . Intel | -11 -10 ------- Run | Yrd Mat Robot Analysis Total . | . . Derelict Logs Recovered . | . . Drone Launches . | . . Drone Recoveries . | . . Exploration | -11 -10 ------------- Run | Yrd Mat Turns Passed 463 | 87 376 Spaces Moved 276 | 68 208 Core 34 | 18 16 Treads . | . . Legs 202 | 50 152 Wheels 40 | . 40 Hover . | . . Flight . | . . Fastest Speed 50 | 50 50 Average Speed 107 | 101 108 Slowest Speed 120 | 120 120 Overloaded Moves . | . . Propulsion Burnouts . | . . Robots Hopped . | . . Cave-ins Triggered . | . . Exploration Rate (%) 15 | 8 22 Regions Visited 1 Branch Regions . Pre-discovered Areas . | . . Known Exits Taken . | . . Unknown Exits Taken 1 | 1 . Scrap Searched . | . . Spaces Dug . | . . Terrain Destroyed . | . . Melee . | . . Projectile . | . . AOE . | . . Terrain Rammed . | . . Walls Destroyed . | . . Machines Disabled . | . . Actions | -11 -10 --------- Run | Yrd Mat Total 371 | 80 291 Wait 30 | . 30 Move 275 | 67 208 Hop . | . . Pick Up 13 | 5 8 Fast Attach . | . . Attach 11 | 5 6 Detach . | . . Swap 1 | . 1 Drop 1 | . 1 Fire 39 | 3 36 Melee . | . . Ram . | . . Kick 1 | . 1 Crush . | . . Escape Stasis . | . . Rewire . | . . Trap . | . . Miscellaneous . | . . Route ------- -11/Scrapyard -10/Materials (discovered 1 exit: [*Min]) History --------- Turn | Location | Event 2 | -11/Scrapyard | Met Revision 17 64 | -11/Scrapyard | Discovered new exit (range 8) 88 | -11/Scrapyard | Entered Materials 276 | -10/Materials | Discovered new exit (range 16) 316 | -10/Materials | Build established: Mutant 427 | -10/Materials | Core integrity fell below 50% 447 | -10/Materials | Core integrity fell below 20% 464 | -10/Materials | Destroyed by S-10 Pest with Light Assault Rifle Last Messages --------------- 00422_ S-10 Pest destroyed. 00422_ Machine disabled. 00422_ Assault Rifle destroyed. 00427_ Acquired 15 matter. To regain energy, simply wait via the mouse wheel, '.', or KP5. Also make sure your per-turn energy generation is a net positive, and consider deactivating power-draining parts if not. 00431_ K-01 Serf collects debris. 00434_ K-01 Serf cleans the Pressure Siphon. 00435_ K-01 Serf collects debris. 00438_ Wheel destroyed. 00438_ K-01 Serf cleans the Pressure Siphon. 00440_ Mining Laser destroyed. 00441_ K-01 Serf collects debris. 00441_ Com. Wheel destroyed. 00442_ K-01 Serf collects debris. 00447_ K-01 Serf cleans the Pressure Siphon. Map ----- +----------------------------------------------------+ | ?????????????????????????????????????????????????# | | ?????????????????????????????????????????????????# | | ?????????????????????????????????????????????????# | | ?????????????????????????????????????????????????# | | ?????????????????????????????????????????????????# | | ?????????????????????????????????????????????????? | | ??????????????????????????????????????? ?????????? | | ??????????????????????????????????????? ?????????? | | ???????????????????##???????########### #?# """ # | | ???????????????????##?????????????????# #?# """ # | | ??????????????????? #?????????????????# #?# # | | ??????????????????? #?????????????????# #?#+###### | | ??????????????????? #?????????????????# #?# #????# | | ??????????????????? #?????????????????# #?# #????# | | ??????????????????? #?????????????????# #?# #????# | | ??????????????????? #?#########???##### ### #????? | | ??????????? ##+####### ##### ##???? | | ?????????? ##### | | ?????????? < | | ?????????? | | ??????????? ##### ## #####%!! ^ | | ?????????????????# ## "|= #???#!! """" """" | | ?????????????????#? ##""|" ""#??##! """" """" | | ??????????????????? #############T """" """" | | ??????????????????? #??# s### | | ???????????????????# #??#@ s + | | ???????????????[???# #??# #####+###### | | ???????????????????# #??########## ######## | | ???????????????????# #?########### """#??????# | | ???????????????????# #?# # """#??????# | | ???????????????????# ### # """######## | | ??????????????????? # """ """ # + | | ??????????????????? # """ """ # """######## | | ??????????????????? T / """ """ # """#??????# | | ??????????????????? # # """#???#### | | ??????????????????? # # #???# "" | | ??????????????????? ## ############## "Y | | ??????????????????? ###+########## # # | | ??????????????????? + # | | ?????????????????????????????????????????????????? | | ?????????????????????????????????????????????????? | | ?????????????????????????????????????????????????? | | ?????????????????????????????????????????????????? | | ?????????????????????????????????????????????????? | | ?????????????????????????????????????????????????? | | ?????????????????????????????????????????????????? | | ?????????????????????????????????????????????????? | | ?????????????????????????????????????????????????? | | ?????????????????????????????????????????????????? | | ?????????????????????????????????????????????????? | +----------------------------------------------------+ Best States ------------- Heat Dissipation 25 Energy Generation 10 Energy Capacity 125 Matter Stores 300 Matter Capacity 300 Sight Range 16 Terrain Scan Density 85 Evasion (%) 55 Trap Extractor Capacity 4 Item Schematics ----------------- None Robot Schematics ------------------ None Fabricated ------------ Nothing Alien Tech Used ----------------- None Achievements -------------- Crack Shot Challenges ------------ None Game ------ Seed GrapheneInertialAxe Manual? 0 Play Time 00:09:50 Cumulative 0.4 hours Start 2024.05.02 @ 16:16:00 End 2024.05.02 @ 16:25:33 Sessions 1 Manual Loads 0 Difficulty Rogue Special Mode None Game No. 2 Rogue 2 Adventurer 0 Explorer 0 Win Type - Total 0 Types 0/0/0/0/0/0/0/0/0 Lore% 0 Gallery% 2 Achievement% 1 Wizard Run 0 Options --------- Layout 1 ASCII 0 Keyboard 0 Movement Numpad Keybinds 0 Fullscreen 1 Font 24/Smallcaps Map View 50x35 Zoom Use 1% Tactical HUD 1 Map Filters NONE Filters NONE Steam 1 RUN: aaef0afd-8881-4067-9d8e-abf4e304bcea